 Dungeon Crawl Stone Soup version 0.28-a0-657-g71136c5590 (webtiles) character file.

Game seed: 10827392457639976769

35 kipponium the Chopper (level 3, -4/27 HPs)
             Began as a Demonspawn Gladiator on Oct 13, 2021.
             Was a Follower of Cheibriados.
             Slain by an orc (5 damage)
             ... on level 2 of the Dungeon.
             The game lasted 00:02:46 (2069 turns).

kipponium the Chopper (Demonspawn Gladiator)        Turns: 2069, Time: 00:02:47

Health: -4/27      AC:  4    Str: 18    XL:     3   Next: 16%
Magic:  3/3        EV: 17    Int: 18    God:    Cheibriados [*.....]
Gold:   134        SH:  0    Dex: 17    Spells: 2/2 levels left

rFire   . . .      SeeInvis .   a - +0 war axe
rCold   . . .      Faith    .   (no shield)
rNeg    . . .      Spirit   .   b - +0 leather armour
rPois   .          Reflect  .   c - +0 helmet
rElec   .          Harm     .   (no cloak)
rCorr   .          Rampage  .   (no gloves)
Will    .....                   (no boots)
Stlth   +.........              (no amulet)
HPRegen 0.09/turn               i - +6 ring of intelligence
MPRegen 0.08/turn               (no ring)

@: agile, very slow
A: powered by pain 2
a: Renounce Religion, Bend Time


You were on level 2 of the Dungeon.
You worshipped Cheibriados.
Cheibriados was aware of your devotion.
You visited 1 branch of the dungeon, and saw 2 of its levels.

You collected 134 gold pieces.

Inventory:

Hand Weapons
 a - a +0 war axe (weapon)
Missiles
 d - 2 throwing nets (quivered)
 j - 5 javelins
Armour
 b - a +0 leather armour (worn)
 c - a +0 helmet (worn)
Jewellery
 e - a ring of fire
 i - a +6 ring of intelligence (left hand)
Scrolls
 f - 3 scrolls of identify {unknown}
 h - a scroll of enchant weapon {unknown}
 l - a scroll of noise {unknown}
Potions
 g - a potion of curing {unknown}
 k - 3 potions of resistance {unknown}


   Skills:
 - Level 2.0 Fighting
 + Level 3.9 Axes
 - Level 1.7 Throwing
 - Level 2.6 Dodging


You had 2 spell levels left.
You didn't know any spells.
Your spell library was empty.

Dungeon Overview and Level Annotations

Branches:
Dungeon (2/15)

Altars:
Cheibriados


Innate Abilities, Weirdness & Mutations

You sometimes gain power by taking damage.


Message History

Press: ? - help, Q - select action, (/) - cycle Shift-Dir - straight line, f - adder
Aim: an adder (42% to hit)
You throw a throwing net. The throwing net hits the adder.
The adder is caught in the net!
The adder struggles against the net. x2
The adder struggles against the net.
You slash the adder!
You kill the adder!
Cheibriados appreciates the change of pace.
You have reached level 3!
Your experience leads to an increase in your attributes!
Your base attributes are Str 14, Int 9, Dex 14.
Increase (S)trength, (I)ntelligence, or (D)exterity?
You feel stronger.
Your demonic ancestry asserts itself...
You feel even more energised by your suffering.
Your library has no spells.
Unknown command.
You now have 134 gold pieces (gained 12).
An orc priest comes into view. It is wielding a +0 hand axe.
An orc comes into view.
It is wielding a +0 short sword. 2 orcs come into view.
The orc shouts!
The orc priest shouts!
You hear a shout!
The orc priest invokes the aid of Beogh against you.
Beogh smites you!
Ouch! That really hurt!
You focus on the pain.
You feel agile all of a sudden.
The orc priest looks satisfied for a moment.
The orc priest invokes the aid of Beogh against you.
Beogh smites you!
* * * LOW HITPOINT WARNING * * *
You hear a shout!
The orc hits you but does no damage.
A bat comes into view.
The orc barely misses you. The orc hits you with a +0 mace.
* * * LOW HITPOINT WARNING * * *
The orc barely misses you. The orc hits you with a +0 mace.
You die...

.#.#.####..##...........#
.#.......#...........##.##
.###.#.............<.....#
.###.............##.###....
.#.......#..###.##..# #
.(..............#..######..
...#.#####........#.........
.#....# ######....†..>.....
......# ##..@.#.........
....#..# #..o#...........
.(......#####.o####.........
...###...........o..........
..## ##...#..#####.........
###....######.####..
#.........###.# ####.. .
#.###..##..##.####...... ..
# #..............##


You could see an orc priest and an orc.

Vanquished Creatures
  An adder (D:2)
  A dart slug (D:1)
  3 endoplasms (D:1)
  A giant cockroach (D:1)
  A goblin (D:1)
  3 hobgoblins
  4 kobolds
  A quokka (D:2)
  3 ball pythons
  3 bats
  2 rats (D:1)
23 creatures vanquished.

Notes
Turn   | Place    | Note
-------+----------+-------------------------------------------
     0 | D:1      | kipponium the Demonspawn Gladiator began the quest for the
                  | Orb.
     0 | D:1      | Reached XP level 1. HP: 16/16 MP: 1/1
   204 | D:1      | You fall into a shaft and drop 1 floor!
   265 | D:2      | Reached skill level 3 in Axes
   875 | D:1      | Gained mutation: You sometimes gain a little power by
                  | taking damage. [demonic ancestry]
   875 | D:1      | Reached XP level 2. HP: 21/22 MP: 2/2
   960 | D:1      | Found a faded altar of an unknown god.
   968 | D:1      | Prayed at the altar of an unknown god.
   968 | D:1      | Became a worshipper of Cheibriados the Contemplative
   968 | D:1      | Reached * piety under Cheibriados
  2029 | D:2      | Gained mutation: You sometimes gain power by taking damage.
                  | [demonic ancestry]
  2029 | D:2      | Reached XP level 3. HP: 27/27 MP: 3/3
  2065 | D:2      | HP: 1/27 [orc (4)]
  2069 | D:2      | Slain by an orc

Illustrated notes

Levels and vault maps discovered:
D:1:      ncdulo_wetmaze, layout_loops_corners, ebering_ecumenical_altar_ruins,
          minmay_pentomino_t2
D:2:      layout_rooms, minmay_bisected

Skill      XL: |  1 |
---------------+----+-----
Axes           | 3 |  3.9
Fighting       | |  2.0
Throwing       | |  1.7
Dodging        | |  2.6

Action                   || total
-------------------------++-------
Melee: War axe           ||    64
Throw: Throwing net      ||     1
Armor: Leather armour    ||    14
Dodge: Dodged            ||    36

Table legend: (Time is in decaauts)
 A = Elapsed time spent in this place.
 B = Non-inter-level travel time spent in this place.
 C = Inter-level travel time spent in this place.
 D = Time resting spent in this place.
 E = Time spent auto-exploring this place.
 F = Levels seen in this place.
 G = Mean time per level.
                   A        B        C        D        E       F      G
               +--------+--------+--------+--------+--------+-----+--------+
         Total |   2361 |   2322 |     39 |    960 |   1086 |   2 | 1180.5 |
       Dungeon |   2361 |   2322 |     39 |    960 |   1086 |   2 | 1180.5 |
               +--------+--------+--------+--------+--------+-----+--------+

Top non-repeatable levels by time:
     D:1: 1825 daAuts
     D:2: 535 daAuts
